FIQ, lawful female dwarven Valkyrie --- - ---- ---- ---.-------------------.. ---- |..| |..| |................>........ |..--|..| ---- |..---- |.....-----.---...-.--..... |...--..--- --- |..---.....| --..---- |.d..|.............. |..^......| ---.---...|......| ##...| |ha.---..............--...-----.--- |...............---------#--..## |a'.| .......-....-- |...| |.................(............| |.V#- ........--.| ---.--- ----.....|......---..------....-- --.| .......||.| |...| |.....|...........| |..^..| |..--- ---....||%| --..| |............%...-- --..|.| --...--- |....||.| ---- --.|.............- --.|-- |...<... ------|.| ----.............| |.--- |....... |.| |..^...........-- |...| |...... |.| .--.|..........| ---.--- -...* |.--- ----..--....-- --....| -.. |...| -------..| |.....| |.-.| ---- |.|..-- |...| ------ --.-- --- FIQ the Skirmisher Experience level: 3 Strength: 16 Dexterity: 17 Constitution: 18 Intelligence: 8 Wisdom: 9 Charisma: 7 Health: 0(42) Energy: 1(1) Def: 5 Gold: 162 Moves: 1850 Dungeon seed: ksHc3bvJGiaUdCwe Game ID: FIQ_1597267202 Your Inventory: Coins $ - 162 gold pieces Weapons a - an uncursed +1 long sword (weapon in hand) b - an uncursed +0 dagger h - 7 uncursed +0 arrows Armor e - an uncursed +3 small shield (being worn) n - an uncursed +0 dwarvish cloak p - an uncursed +1 pair of iron shoes r - an uncursed +0 cloak of displacement (being worn) Y - an uncursed +1 dwarvish cloak Comestibles c - an uncursed food ration m - an uncursed lembas wafer o - an uncursed lichen corpse Scrolls d - a blessed scroll of magic mapping u - a cursed scroll of identify Potions i - an uncursed potion of blindness j - 2 uncursed potions of water t - an uncursed potion of restore ability Wands v - an uncursed wand of teleportation (0:0) Tools g - a cursed crystal ball (0:3) k - an uncursed figurine of a lichen l - an uncursed oil lamp (lit) (0:770) w - an uncursed tin whistle x - an uncursed magic marker (0:45) Gems q - an uncursed opal s - an uncursed worthless piece of violet glass y - an uncursed worthless piece of yellow glass z - an uncursed worthless piece of black glass A - an uncursed worthless piece of green glass N - an uncursed worthless piece of yellowish brown glass Spells and supernatural/magical abilities: Name Level Category Cost Memory W - pray for help -- divine ? -- Your skills at the end: Fighting Skills wands [Basic] Weapon Skills dagger [Basic] long sword [Basic] Spellcasting Skills Final Attributes: You were piously aligned. You were immune to cold. You had infravision. You were displaced. You were stealthy. You were held by a rope golem. You last prayed 736 turns ago. Tyr was noncommittal. You are dead. Vanquished creatures: a red naga hatchling a dwarf a kobold lord a giant bat a dwarf zombie a coyote 3 manes a giant rat 11 gnomes 2 garter snakes a gnome zombie a jackal a kobold 2 sewer rats 6 grid bugs 2 lichens 36 creatures vanquished. Voluntary challenges: You used a wielded weapon 35 times, starting on turn 212. You were illiterate. You never genocided any monsters. You never polymorphed an object. You never changed form. You used no wishes. You never split a pudding. You never wrote Elbereth's name. You never violated your personal moral code. Dungeon overview: The Dungeons of Doom: levels 1 to 2 Level 1 a long staircase Level 2 an altar to Loki, some fountains stairs to The Gnomish Mines The Gnomish Mines: levels 3 to 10 Level 3 stairs to The Dungeons of Doom Level 4 Level 5 Level 6 some shops, a temple to Loki, a fountain Level 7 Level 8 Level 9 <- You were here Level 10 (catacombs) History has recorded: On T:1 you entered the Dungeons of Doom to retrieve the Amulet of Yendor! On T:233 you reached level 2 of The Dungeons of Doom. On T:437 you reached level 1 of The Gnomish Mines. On T:447 you reached level 2 of The Gnomish Mines. On T:685 you reached level 3 of The Gnomish Mines. On T:744 you advanced to experience level 2. On T:933 you reached level 4 of The Gnomish Mines. On T:1286 you reached level 5 of The Gnomish Mines. On T:1330 you advanced to experience level 3. On T:1397 you reached level 6 of The Gnomish Mines. On T:1594 you reached level 7 of The Gnomish Mines. On T:1643 you advanced to experience level 4. On T:1773 you reached level 8 of The Gnomish Mines. Score breakdown: Gold: 162 ( 7525 points) Experience: 3 levels ( 7878 points) Exploration: 10 levels ( 19.23%) (12602 points) Discoveries: 3 items ( 1.20%) ( 3286 points) Valuables value: (no points given unless you survive) Artifact value: 0 ( 0 points) Variety of kills: 16 monsters ( 4.21%) ( 6155 points) Turncount: 1850 turns ( 0 points) Survival: died (score multiplied by 80%) Total score: 29956 Latest messages: The jackal misses. The giant ant bites! You kill the jackal! The giant ant bites! The ape strikes at your displaced image and misses you! (3x) The giant ant bites! (2x) The giant ant strikes at your displaced image and misses you! The giant ant strikes at your displaced image and misses you! (2x) The rope golem hits! (2x) The rope golem grabs you! You cannot escape from the rope golem! The rope golem hits! (2x) You are being choked. You cannot escape from the rope golem! You hit the rope golem! The giant ant bites! The jackal bites! The rope golem hits! (2x) You die... For some reason, you think that you can almost hear the Wizard laugh manically... Final status: Farvel FIQ the Valkyrie, killed by a rope golem... You died in The Gnomish Mines on dungeon level 9 with 29956 points, and 162 pieces of gold, after 1850 moves. You were level 3 with a maximum of 42 hit points when you died.